AoeStats
← monk

Arabia

510260554Analyzed
1v1 RM · 3d ago on Sep 30, 2026· 39m 21s· 2 players
Game mode
Random Map
Map size
Tiny (2 player)
Population
200
Speed
Normal
Resources
Standard
Victory
Conquest
Starting age
Dark Age
Ending age
Imperial Age
RankedLock teamsTeams togetherTeam positionsShared explorationLock speedFull tech treeHidden civsTurbo modeCheats
Victory
Defeat
🇪🇸 Armenians · Spain
1078
+18
🇦🇷 Sicilians · Argentina
1111
-18
John Sunday
7:28 Loom
10:10 Feudal Age
10:46 Double-Bit Axe
17:37 Fletching
26:23 Castle Age
36:12 Bow Saw
36:17 Forging
monk
7:23 Loom
9:39 Feudal Age
10:24 Man-at-Arms
12:14 Long Swordsman
13:25 Arson
19:50 Scale Mail Armor
28:07 Forging
28:35 Wheelbarrow
29:32 Double-Bit Axe
33:21 Castle Age
31:54 Gold Mining
32:07 Horse Collar
34:17 Chain Mail Armor
33:26 Two-Handed Swordsman
33:57 Gambesons
34:13 Squires
36:14 Iron Casting
37:24 Heavy Plow
37:30 Champion
Connection lost

Rejoining the realm…

Still unreachable

The connection could not be restored.

Session expired

The server has moved on; the page needs a fresh start.